[Event "December 5 Early 2023"]
[Site "https://www.chess.com"]
[Date "2023.12.05"]
[Round "9"]
[White "Ianovsky, Matias Manuel"]
[Black "Tabuenca Mendataurigoitia, Daniel"]
[Result "1-0"]
[Board "85"]
[TimeControl "180+1"]
[WhiteFideId "112470"]
[BlackFideId "24563617"]
[WhiteElo "2583"]
[BlackElo "2487"]
[WhiteTeam "ARG"]
[BlackTeam "ESP"]
[WhiteClock "0:01:18"]
[BlackClock "0:00:53"]

1. d4 d6 2. Nf3 Nf6 3. c4 g6 4. g3 Bg7 5. Bg2 Bf5 6. O-O O-O 7. Nc3 Ne4 8. Nh4 Nxc3 9. bxc3 Bc8 10. f4 c5 11. f5 Nc6 12. Be3 Qc7 13. Qd3 b6 14. fxg6 hxg6 15. Nxg6 fxg6 16. Qxg6 cxd4 17. Bh6 e6 18. Rxf8+ Kxf8 19. Rf1+ Kg8 20. Be4 1-0

[Event "December 5 Early 2023"]
[Site "https://www.chess.com"]
[Date "2023.12.05"]
[Round "9"]
[White "Lund, Gunnar"]
[Black "Pourkashiyan, Atousa"]
[Result "1-0"]
[Board "86"]
[TimeControl "180+1"]
[WhiteFideId "1520814"]
[BlackFideId "12502014"]
[WhiteElo "2581"]
[BlackElo "2480"]
[WhiteTeam "NOR"]
[BlackTeam "USA"]
[WhiteClock "0:00:27"]
[BlackClock "0:00:00"]

1. a3 e5 2. h3 d5 3. e3 Nf6 4. d3 Nc6 5. Nc3 d4 6. Ne4 dxe3 7. Bxe3 Nd5 8. Bd2 Be7 9. g3 O-O 10. Bg2 f5 11. Nc3 Be6 12. Nge2 f4 13. Be4 f3 14. Ng1 Nd4 15. Nxf3 Nf6 16. Ng1 Nxe4 17. Nxe4 Qd7 18. Be3 Nf5 19. Qd2 Nxe3 20. Qxe3 Qd5 21. Ne2 Qd7 22. Nc5 Bxc5 23. Qxc5 e4 24. dxe4 Bxh3 25. Qd5+ Rf7 26. Qxd7 Bxd7 27. Nc3 Raf8 28. O-O Rf3 29. Nd1 Bc6 30. Re1 R8f6 31. Re2 Re6 32. Nc3 Rh6 33. Rae1 Rff6 34. Kg2 Re6 35. Rh1 Rhf6 36. f4 g5 37. Kf3 Re8 38. Rh5 h6 39. Kg4 gxf4 40. gxf4 Kf7 41. Kf3 Rg6 42. Reh2 Bd7 43. Rxh6 Bg4+ 44. Ke3 Rg7 45. Rh7 Rg8 46. Rxg7+ Rxg7 47. Rg2 c6 48. Rg3 b5 49. Ne2 Be6 50. Rxg7+ Kxg7 51. f5 Ba2 52. b3 c5 53. Nc3 Bb1 54. Nxb1 1-0

[Event "December 5 Early 2023"]
[Site "https://www.chess.com"]
[Date "2023.12.05"]
[Round "9"]
[White "Iljin, Timofey"]
[Black "Malyi, Viacheslav"]
[Result "1-0"]
[Board "87"]
[TimeControl "180+1"]
[WhiteFideId "14110180"]
[BlackFideId "14123983"]
[WhiteElo "2474"]
[BlackElo "2575"]
[WhiteTeam "UKR"]
[BlackTeam "UKR"]
[WhiteClock "0:00:28"]
[BlackClock "0:00:10"]

1. e4 e5 2. Nf3 Nc6 3. d4 exd4 4. Bc4 Nf6 5. O-O Nxe4 6. Nc3 Nxc3 7. bxc3 d5 8. Bd3 Be7 9. cxd4 O-O 10. h3 Bf6 11. c3 Be6 12. Bc2 g6 13. Re1 Re8 14. Rb1 Rb8 15. Qd3 Bf5 16. Rxe8+ Qxe8 17. Qd1 Bxc2 18. Qxc2 Qe4 19. Qxe4 dxe4 20. Nd2 Na5 21. Nxe4 Be7 22. Bf4 Rc8 23. Nd2 b6 24. Re1 Bf8 25. g4 f6 26. h4 Kf7 27. h5 c6 28. hxg6+ hxg6 29. Kg2 Re8 30. Rh1 Bg7 31. Kf3 b5 32. a4 a6 33. axb5 axb5 34. Ra1 Nb7 35. Ra7 Re7 36. Ne4 Bf8 37. g5 f5 38. Nf6 Ke6 39. Ra6 Nd8 40. Ra8 Rd7 41. Nxd7 Kxd7 42. Be5 Be7 43. Bf6 Ne6 44. Ra7+ 1-0

[Event "December 5 Early 2023"]
[Site "https://www.chess.com"]
[Date "2023.12.05"]
[Round "9"]
[White "Yurasova, Daria"]
[Black "Yezhel, Valiantsin"]
[Result "0-1"]
[Board "88"]
[TimeControl "180+1"]
[WhiteFideId "34146919"]
[BlackFideId "13504983"]
[WhiteElo "2462"]
[BlackElo "2572"]
[WhiteTeam "RUS"]
[BlackTeam "FID"]
[WhiteClock "0:01:33"]
[BlackClock "0:00:29"]

1. d4 f5 2. Bg5 g6 3. h4 Nh6 4. h5 Nf7 5. Nf3 Bg7 6. c3 Nxg5 7. Nxg5 e6 8. Nf3 d6 9. Nbd2 Nc6 10. e3 Qe7 11. Bb5 Bd7 12. hxg6 hxg6 13. Rxh8+ Bxh8 14. Qe2 O-O-O 15. O-O-O e5 16. d5 Nb8 17. Bxd7+ Nxd7 18. e4 Bf6 19. Rh1 Rh8 20. Rxh8+ Bxh8 21. Ne1 Qh4 22. Qf3 Qh7 23. Qh3 Qxh3 24. gxh3 Bf6 25. Kd1 Kd8 26. Ke2 Ke7 27. b4 Bg5 28. Nef3 Bf4 29. h4 Nf6 30. Ng5 Bxd2 31. Kxd2 fxe4 32. Ke2 Nxd5 33. Nxe4 Ke6 34. a3 Kf5 35. Ng3+ Kg4 36. c4 Nf4+ 37. Ke3 Kxh4 38. Ne4 Kg4 39. Nf6+ Kf5 40. Ne8 Ne6 41. a4 g5 42. f3 Kg6 43. c5 dxc5 44. bxc5 Kf7 45. Nxc7 Nxc7 46. Ke4 Ke6 0-1

[Event "December 5 Early 2023"]
[Site "https://www.chess.com"]
[Date "2023.12.05"]
[Round "9"]
[White "Filipovic, Slobodan J"]
[Black "Tifferet, Shakked"]
[Result "0-1"]
[Board "89"]
[TimeControl "180+1"]
[WhiteFideId "939633"]
[BlackFideId "2811529"]
[WhiteElo "2456"]
[BlackElo "2557"]
[WhiteTeam "SRB"]
[BlackTeam "ISR"]
[WhiteClock "0:00:25"]
[BlackClock "0:00:39"]

1. c4 c5 2. Nc3 g6 3. g3 Bg7 4. Bg2 d6 5. d3 Nc6 6. Bf4 Bd7 7. Qd2 a6 8. h4 h5 9. Nf3 Rb8 10. O-O b5 11. Rac1 b4 12. Nd5 e6 13. Bxd6 exd5 14. cxd5 Nd4 15. Qe3+ Ne7 16. Nxd4 Bxd4 17. Qf4 Rb6 18. Rxc5 Bxc5 19. Bxc5 O-O 20. e4 Bb5 21. Rd1 Kh7 22. Be3 Ng8 23. Bd4 f6 24. g4 Qd6 25. Qe3 Rbb8 26. gxh5 gxh5 27. Bf3 Nh6 28. Bxh5 Rg8+ 29. Kh1 Ng4 30. Bxg4 Rxg4 31. Qh3 Rbg8 32. Be3 Bd7 33. Qh2 Qxh2+ 34. Kxh2 Rxh4# 0-1

[Event "December 5 Early 2023"]
[Site "https://www.chess.com"]
[Date "2023.12.05"]
[Round "9"]
[White "Shuvalov, Evgenij"]
[Black "Liu, Casper"]
[Result "1-0"]
[Board "90"]
[TimeControl "180+1"]
[WhiteFideId "4187237"]
[BlackFideId "1454153"]
[WhiteElo "2554"]
[BlackElo "2449"]
[WhiteTeam "FID"]
[BlackTeam "DEN"]
[WhiteClock "0:00:08"]
[BlackClock "0:00:00"]

1. d4 Nf6 2. c4 g6 3. Nc3 Bg7 4. e4 O-O 5. Nf3 d6 6. Be2 Bg4 7. Be3 e5 8. d5 Nbd7 9. h3 Bxf3 10. Bxf3 a6 11. g4 Ne8 12. h4 f5 13. gxf5 gxf5 14. exf5 Rxf5 15. Be4 Rf8 16. Bg5 Nef6 17. Bf5 Qe8 18. Rg1 Kh8 19. Qe2 Nc5 20. O-O-O b5 21. b4 Na4 22. Nxa4 bxa4 23. a3 Nxd5 24. Qd3 Nc3 25. Qxc3 e4 26. Bd2 Be5 27. Bxe4 Rb8 28. Bd5 c6 29. Be4 d5 30. Bc2 d4 31. Qd3 Qf7 32. f4 Bf6 33. Rg5 c5 34. Rxc5 Rfc8 35. Rxc8+ Rxc8 36. c5 Rc7 37. Re1 Kg8 38. Kb1 Re7 39. Rg1+ Kh8 40. Kb2 Bxh4 41. Bxa4 Bf6 42. Bb3 Qe8 43. Rg8+ Qxg8 44. Bxg8 Kxg8 45. Kb3 Rg7 46. Qf5 Rf7 47. Qe6 Kg7 48. f5 1-0

[Event "December 5 Early 2023"]
[Site "https://www.chess.com"]
[Date "2023.12.05"]
[Round "9"]
[White "Kazmaier, Daniel"]
[Black "Erzhanov, Arman"]
[Result "1/2-1/2"]
[Board "91"]
[TimeControl "180+1"]
[WhiteFideId "2606089"]
[BlackFideId "4138821"]
[WhiteElo "2449"]
[BlackElo "2550"]
[WhiteTeam "CAN"]
[BlackTeam "KAZ"]
[WhiteClock "0:00:29"]
[BlackClock "0:00:49"]

1. d4 d6 2. Nf3 Bg4 3. Nbd2 Nf6 4. h3 Bf5 5. g4 Bg6 6. Nh4 c6 7. Nxg6 hxg6 8. e4 e5 9. c3 Nbd7 10. Bg2 Be7 11. O-O Nh7 12. Nc4 Qc7 13. f4 exf4 14. Bxf4 b5 15. Ne3 O-O 16. a4 a6 17. axb5 axb5 18. Qe2 Rfe8 19. b4 Bf8 20. Qf2 Ndf6 21. e5 dxe5 22. dxe5 Rxa1 23. Rxa1 Rxe5 24. Bxc6 Bd6 25. Bxe5 Bxe5 26. Ra8+ Nf8 27. Nd5 Nxd5 28. Bxd5 Bf6 29. Qf3 Qe5 30. Ra5 Qe1+ 31. Kg2 Qd2+ 32. Kf1 Qc1+ 33. Ke2 Qc2+ 34. Kf1 Qc1+ 35. Kg2 Qd2+ 36. Kf1 Qc1+ 1/2-1/2

[Event "December 5 Early 2023"]
[Site "https://www.chess.com"]
[Date "2023.12.05"]
[Round "9"]
[White "Jaskolka, Tomasz"]
[Black "Todorovic, Bojan"]
[Result "1-0"]
[Board "92"]
[TimeControl "180+1"]
[WhiteFideId "1170791"]
[BlackFideId "917087"]
[WhiteElo "2544"]
[BlackElo "2445"]
[WhiteTeam "POL"]
[BlackTeam "SRB"]
[WhiteClock "0:00:57"]
[BlackClock "0:00:25"]

1. e4 g6 2. d4 Bg7 3. Nc3 d6 4. Bf4 Nc6 5. Qd2 Nxd4 6. O-O-O c5 7. Bc4 e6 8. Nb5 e5 9. Bg5 Qb6 10. Nxd4 cxd4 11. f4 Nf6 12. Bxf6 Bxf6 13. Nf3 O-O 14. h4 Bg4 15. h5 Rac8 16. Bb3 Bxh5 17. f5 Bg7 18. f6 Bxf6 19. g4 d5 20. gxh5 dxe4 21. hxg6 exf3 22. Qh6 Bg5+ 23. Qxg5 Qxg6 24. Qxe5 f2 25. Qxd4 Rxc2+ 26. Bxc2 Rc8 27. Qd8+ 1-0

[Event "December 5 Early 2023"]
[Site "https://www.chess.com"]
[Date "2023.12.05"]
[Round "9"]
[White "Swicarz, Maciej"]
[Black "Vakhidov, Shahzod"]
[Result "1-0"]
[Board "93"]
[TimeControl "180+1"]
[WhiteFideId "1113585"]
[BlackFideId "14205270"]
[WhiteElo "2445"]
[BlackElo "2541"]
[WhiteTeam "POL"]
[BlackTeam "UZB"]
[WhiteClock "0:00:47"]
[BlackClock "0:00:00"]

1. e4 c5 2. Nf3 g6 3. d4 cxd4 4. Nxd4 Bg7 5. c4 Nc6 6. Be3 Nf6 7. Nc3 O-O 8. Be2 d6 9. O-O Bd7 10. Nc2 Rc8 11. Rc1 a6 12. Qd2 Ne5 13. b3 b5 14. cxb5 axb5 15. f3 Qa5 16. Nd5 Qd8 17. Bb6 Qe8 18. Nc7 Qd8 19. Nb4 Rb8 20. Ba5 Ne8 21. Nba6 Rb7 22. Nd5 Qa8 23. Nxe7+ Kh8 24. Nc7 Nxc7 25. Bxc7 Qa7+ 26. Kh1 Rxc7 27. Qxd6 Rxc1 28. Rxc1 Qxa2 29. Qd1 Be6 30. Nd5 Qa3 31. Bxb5 Rb8 32. Bc4 h5 33. h3 Nxc4 34. bxc4 Bb2 35. Rb1 Be5 36. Rxb8+ Bxb8 37. Qd4+ Kg8 38. Nf6+ Kf8 39. Qd8+ Kg7 40. Ne8+ Kh7 41. Qxb8 Qc1+ 42. Kh2 Qxc4 43. Qe5 Qe2 44. Nf6+ 1-0

[Event "December 5 Early 2023"]
[Site "https://www.chess.com"]
[Date "2023.12.05"]
[Round "9"]
[White "Silva Lucena, Cristian"]
[Black "Eilers, Stefan"]
[Result "1-0"]
[Board "94"]
[TimeControl "180+1"]
[WhiteFideId "2232588"]
[BlackFideId "4609565"]
[WhiteElo "2538"]
[BlackElo "2442"]
[WhiteTeam "ESP"]
[BlackTeam "GER"]
[WhiteClock "0:00:55"]
[BlackClock "0:00:00"]

1. d4 d5 2. c4 e6 3. Nc3 c5 4. Nf3 cxd4 5. Qxd4 Nc6 6. Qd1 d4 7. Nb1 e5 8. g3 e4 9. Nh4 f5 10. e3 Bb4+ 11. Nd2 dxe3 12. fxe3 Nf6 13. a3 Bc5 14. Nb3 Qxd1+ 15. Kxd1 Bd6 16. Bh3 g6 17. Nd4 Be5 18. Nxc6 bxc6 19. Bf1 Ng4 20. Kc2 Be6 21. Bd2 O-O-O 22. Ng2 Nf2 23. Rg1 Nd3 24. Nf4 Bxf4 25. gxf4 Bxc4 26. Bc3 Rhe8 27. b3 Be6 28. b4 c5 29. bxc5 Nxc5 30. Rb1 Nd3 31. Bxd3 exd3+ 32. Kd2 Rd7 33. Ba5 Rd5 34. Rgc1+ Kd7 35. Rb7+ Kd6 36. Bb4+ 1-0

[Event "December 5 Early 2023"]
[Site "https://www.chess.com"]
[Date "2023.12.05"]
[Round "9"]
[White "Khamdamova, Afruza"]
[Black "Begunov, Konstantin"]
[Result "1-0"]
[Board "95"]
[TimeControl "180+1"]
[WhiteFideId "14210444"]
[BlackFideId "4118510"]
[WhiteElo "2534"]
[BlackElo "2436"]
[WhiteTeam "UZB"]
[BlackTeam "RUS"]
[WhiteClock "0:00:10"]
[BlackClock "0:00:09"]

1. e4 c5 2. Nf3 d6 3. d4 cxd4 4. Nxd4 Nf6 5. Nc3 a6 6. Be2 e5 7. Nb3 Be7 8. O-O O-O 9. Kh1 Be6 10. f4 Qc7 11. f5 Bc4 12. Bg5 Nbd7 13. Bxc4 Qxc4 14. Nd2 Qb4 15. Rb1 b5 16. a3 Qc5 17. Qe2 Rab8 18. Be3 Qc6 19. Qd3 Rfd8 20. Nd5 Nxd5 21. exd5 Qc7 22. Ne4 Rdc8 23. c3 Nf6 24. Rbe1 Qc4 25. Nxf6+ Bxf6 26. Qd2 a5 27. Rd1 h6 28. Qf2 b4 29. cxb4 axb4 30. Qg3 bxa3 31. bxa3 Qh4 32. Qxh4 Bxh4 33. a4 Rb3 34. Bg1 Ra8 35. Ra1 Bd8 36. Rfd1 Kf8 37. Bf2 Ke8 38. Be1 Ba5 39. Bf2 Kd7 40. Ra2 Bb6 41. Bxb6 Rxb6 42. a5 Raa6 43. f6 gxf6 44. Rf2 Rxa5 45. Rxf6 Ke7 46. Rxh6 Rxd5 47. Rf1 Rb8 48. Rh7 Rf8 49. h4 e4 50. g4 Re5 51. Kg2 d5 52. Kf2 d4 53. Ke2 Ke6 54. Rh6+ Ke7 55. g5 Ra8 56. Rhf6 Ra2+ 57. Ke1 Ra1+ 58. Ke2 d3+ 59. Ke3 Ra2 60. Rxf7+ Kd6 61. R1f6+ Kd5 62. Rd7+ Kc4 63. Rc7+ Kb3 64. Rb6+ Ka4 65. Ra6+ Ra5 66. Rxa5+ Kxa5 67. Ra7+ Kb4 68. Rxa2 Kc3 69. Rd2 1-0

[Event "December 5 Early 2023"]
[Site "https://www.chess.com"]
[Date "2023.12.05"]
[Round "9"]
[White "Rogov, Matfey"]
[Black "Sai Han Thiha"]
[Result "0-1"]
[Board "96"]
[TimeControl "180+1"]
[WhiteFideId "44191308"]
[BlackFideId "13012290"]
[WhiteElo "2534"]
[BlackElo "2431"]
[WhiteTeam "RUS"]
[BlackTeam "MYA"]
[WhiteClock "0:00:03"]
[BlackClock "0:00:08"]

1. e4 c6 2. d4 d5 3. exd5 cxd5 4. Nf3 Nf6 5. c4 e6 6. c5 b6 7. b4 a5 8. Ne5 Bd7 9. Qc2 axb4 10. c6 Nxc6 11. Nxc6 Qc7 12. Bb5 Rc8 13. O-O Bxc6 14. Bd3 Bd6 15. h3 O-O 16. Bg5 Ne4 17. Be3 Qd7 18. Qe2 f5 19. Bxe4 dxe4 20. g3 Bb5 21. Qh5 g6 22. Qg5 f4 23. gxf4 Rf5 24. Qg4 Bxf1 25. Kxf1 Qb5+ 26. Kg2 Rc2 27. Nd2 Qd3 28. Rd1 Rxa2 29. Nf1 Qe2 30. Rc1 Qxg4+ 31. hxg4 Rf8 32. Rc6 Bxf4 33. Bxf4 Rxf4 34. Ne3 Rfxf2+ 35. Kg3 Rf3+ 36. Kh4 Rxe3 37. Kg5 Rf3 38. Rc8+ Rf8 39. Rc7 Raf2 40. Rb7 e3 41. Re7 R2f6 42. Kh6 R6f7 43. Rxe6 b3 44. Rxe3 b2 45. Rb3 Rf2 46. Rxb6 Rh2+ 47. Kg5 Rf1 48. Rb8+ Kf7 49. Rb7+ Ke6 50. Rxh7 b1=Q 51. Rxh2 Qc1+ 52. Kxg6 Qb1+ 53. Kg7 Rf7+ 54. Kg8 Qg6+ 55. Kh8 Qg7# 0-1

[Event "December 5 Early 2023"]
[Site "https://www.chess.com"]
[Date "2023.12.05"]
[Round "9"]
[White "Bochnicka, Vladimir"]
[Black "Tao, Sihan"]
[Result "0-1"]
[Board "97"]
[TimeControl "180+1"]
[WhiteFideId "14943450"]
[BlackFideId "30982677"]
[WhiteElo "2423"]
[BlackElo "2530"]
[WhiteTeam "SVK"]
[BlackTeam "USA"]
[WhiteClock "0:00:08"]
[BlackClock "0:01:09"]

1. e4 c5 2. Nf3 d6 3. d4 cxd4 4. Nxd4 Nf6 5. Nc3 Nc6 6. f3 e5 7. Nb3 Be6 8. Nd5 Be7 9. Be2 O-O 10. O-O a5 11. a4 Bxd5 12. exd5 Nb4 13. c4 Qc8 14. Be3 Nd7 15. Qd2 b6 16. Nc1 Nc5 17. Bd1 Qf5 18. Ne2 Qd3 19. Nc3 Qxd2 20. Bxd2 h6 21. b3 Bg5 22. f4 exf4 23. Bxf4 Bf6 24. Bd2 Ne4 25. Nxe4 Bxa1 26. Nxd6 Bd4+ 27. Kh1 Bc5 28. Ne4 Rfe8 29. Nxc5 bxc5 30. Bxb4 axb4 31. h3 Re3 32. Kh2 Kf8 33. Rf3 Rxf3 34. Bxf3 Ra6 35. Kg3 Ke7 36. Kf4 Kd6 37. g3 Ra8 38. g4 Re8 39. Be4 Re7 40. h4 g6 41. h5 gxh5 42. gxh5 Re5 43. Bf3 Re1 44. a5 Ra1 45. a6 Rxa6 46. Kf5 Ra3 47. Bd1 Ra1 48. Bc2 Rc1 49. Be4 Rf1+ 50. Kg4 Ke5 51. Bd3 Rd1 52. Bc2 Rd2 53. Bh7 Rb2 54. Bg8 Rxb3 55. Bxf7 Rc3 0-1

[Event "December 5 Early 2023"]
[Site "https://www.chess.com"]
[Date "2023.12.05"]
[Round "9"]
[White "Pham, Le Thao Nguyen"]
[Black "Bolat, Inayat"]
[Result "0-1"]
[Board "98"]
[TimeControl "180+1"]
[WhiteFideId "12401226"]
[BlackFideId "13733125"]
[WhiteElo "2525"]
[BlackElo "2419"]
[WhiteTeam "VIE"]
[BlackTeam "KAZ"]
[WhiteClock "0:00:00"]
[BlackClock "0:00:14"]

1. d4 Nf6 2. c4 g6 3. Nc3 Bg7 4. Bg5 O-O 5. e3 d6 6. Nf3 h6 7. Bh4 Nbd7 8. Be2 e5 9. O-O Re8 10. Qc2 c6 11. Rfd1 Qe7 12. dxe5 Nxe5 13. Nxe5 dxe5 14. Rd2 Bf5 15. Bd3 e4 16. Bf1 Rad8 17. Rad1 g5 18. Bg3 Nh5 19. Bd6 Qe6 20. Bc7 Rc8 21. Bd6 Red8 22. Ne2 Rd7 23. b4 Rcd8 24. c5 Bg6 25. Nd4 Bxd4 26. Rxd4 Nf6 27. Bc4 Qg4 28. h3 Qf5 29. Be2 h5 30. b5 Ne8 31. bxc6 bxc6 32. Bh2 Rxd4 33. exd4 Nf6 34. Be5 Nd5 35. Bf1 f6 36. Bh2 g4 0-1

[Event "December 5 Early 2023"]
[Site "https://www.chess.com"]
[Date "2023.12.05"]
[Round "9"]
[White "Hoffmann, Asa"]
[Black "Rangel, Daniel"]
[Result "0-1"]
[Board "99"]
[TimeControl "180+1"]
[WhiteFideId "2001470"]
[BlackFideId "2124475"]
[WhiteElo "2411"]
[BlackElo "2524"]
[WhiteTeam "USA"]
[BlackTeam "BRA"]
[WhiteClock "0:00:08"]
[BlackClock "0:00:05"]

1. d4 Nf6 2. Bg5 g6 3. Nc3 Bg7 4. e4 d5 5. e5 Ne4 6. Nxe4 dxe4 7. c3 c5 8. dxc5 Qc7 9. Bb5+ Bd7 10. Bxd7+ Nxd7 11. Ne2 Nxc5 12. O-O Bxe5 13. h3 O-O 14. Nd4 Rad8 15. Be3 Bxd4 16. cxd4 Nd3 17. Qb3 Kg7 18. f3 Qg3 19. Qxb7 Rb8 20. Qxe4 Rxb2 21. f4 Rxg2+ 22. Qxg2 Qxe3+ 23. Kh1 Nxf4 24. Qf3 Qxf3+ 25. Rxf3 Nd5 26. Rb1 Rc8 27. Rf2 Rc3 28. Rb3 Rc1+ 29. Kh2 Rd1 30. Ra3 Rxd4 31. Rxa7 Rd3 32. a4 g5 33. a5 Nf4 34. Rxe7 Rxh3+ 35. Kg1 Ra3 36. Rxf4 gxf4 37. Re5 Kg6 38. Kf2 f5 39. Rb5 h5 40. Rb6+ Kg5 41. a6 f3 42. Rc6 h4 43. Rb6 Kg4 44. Rg6+ Kf4 45. Rh6 Ra2+ 46. Kf1 Kg4 47. Rg6+ Kh3 48. Rf6 f4 49. Rxf4 Kg3 50. Rf6 Ra1# 0-1

[Event "December 5 Early 2023"]
[Site "https://www.chess.com"]
[Date "2023.12.05"]
[Round "9"]
[White "Ovezdurdyyeva, Jemal"]
[Black "Masague Artero, Guerau"]
[Result "0-1"]
[Board "100"]
[TimeControl "180+1"]
[WhiteFideId "14001888"]
[BlackFideId "32098952"]
[WhiteElo "2395"]
[BlackElo "2521"]
[WhiteTeam "TKM"]
[BlackTeam "ESP"]
[WhiteClock "0:00:09"]
[BlackClock "0:01:03"]

1. e4 c6 2. d4 g6 3. Nf3 Bg7 4. Nc3 d5 5. h3 Nf6 6. e5 Ne4 7. Bd3 Nxc3 8. bxc3 c5 9. O-O Nc6 10. Bg5 O-O 11. Qd2 Qa5 12. a4 cxd4 13. cxd4 Qxd2 14. Bxd2 Bf5 15. Bxf5 gxf5 16. Rfb1 Rab8 17. Rb5 e6 18. Rab1 b6 19. a5 bxa5 20. Rxb8 Rxb8 21. Rxb8+ Nxb8 22. Bxa5 Bf8 23. Nd2 Nc6 24. Nb3 Ba3 25. Bc3 Bb4 26. Bxb4 Nxb4 27. Na1 a5 28. Kf1 a4 29. Ke2 Nc6 30. c3 Na5 31. Nc2 Nc4 32. Nb4 Kg7 33. Kd3 Kg6 34. Kc2 Kg5 35. Nc6 f6 36. exf6 Kxf6 37. f4 Ne3+ 0-1

[Event "December 5 Early 2023"]
[Site "https://www.chess.com"]
[Date "2023.12.05"]
[Round "9"]
[White "Gutierrez Olivares, Daniel"]
[Black "Melikhov, Evgeny V."]
[Result "1-0"]
[Board "101"]
[TimeControl "180+1"]
[WhiteFideId "2264005"]
[BlackFideId "4122046"]
[WhiteElo "2516"]
[BlackElo "2391"]
[WhiteTeam "ESP"]
[BlackTeam "GRE"]
[WhiteClock "0:00:06"]
[BlackClock "0:00:00"]

1. Nf3 f5 2. g3 Nf6 3. Bg2 d6 4. d4 g6 5. c3 Bg7 6. Qb3 e6 7. O-O O-O 8. Bg5 c6 9. Nbd2 h6 10. Bxf6 Qxf6 11. e4 Qf7 12. Rae1 Nd7 13. exf5 exf5 14. Nh4 Qxb3 15. axb3 Kf7 16. Nc4 d5 17. Nd6+ Kf6 18. Ne8+ Kf7 19. Nc7 Rb8 20. Nxd5 Nf6 21. Ne7 Re8 22. Nexg6 Bd7 23. Ne5+ Kg8 24. Nxd7 Nxd7 25. Nxf5 Bf8 26. b4 Nf6 27. Re3 Ng4 28. Rf3 a6 29. Nh4 Bg7 30. Nf5 Re2 31. Bh3 Nf6 32. Nxh6+ Kh7 33. Ng4 Nxg4 34. Bxg4 Rxb2 35. Bf5+ Kh6 36. h4 Rb3 37. Kg2 b6 38. g4 a5 39. bxa5 bxa5 40. g5+ Kh5 41. Kg3 a4 42. Be6 Kg6 43. Bf7+ Kh7 44. h5 R3b7 45. h6 Bh8 46. g6+ Kxh6 47. Rf5 Kg7 48. Rh1 Kf8 49. Rxh8+ Kg7 50. Rh7+ Kf8 51. Be6+ 1-0

[Event "December 5 Early 2023"]
[Site "https://www.chess.com"]
[Date "2023.12.05"]
[Round "9"]
[White "Budrewicz, Krzysztof"]
[Black "Palmer, Reegan"]
[Result "1-0"]
[Board "102"]
[TimeControl "180+1"]
[WhiteFideId "1127950"]
[BlackFideId "14322145"]
[WhiteElo "2506"]
[BlackElo "2246"]
[WhiteTeam "POL"]
[BlackTeam "RSA"]
[WhiteClock "0:01:43"]
[BlackClock "0:00:28"]

1. d4 Nf6 2. c4 g6 3. Nf3 c5 4. d5 Bg7 5. Nc3 d6 6. e4 e6 7. Be2 exd5 8. cxd5 O-O 9. O-O a6 10. a4 Nbd7 11. h3 Re8 12. Qc2 Rb8 13. Bf4 Nf8 14. Nd2 Nh5 15. Bh2 f5 16. Bxh5 gxh5 17. exf5 Qg5 18. Nf3 Bxf5 19. Nxg5 Bxc2 20. Bxd6 Ra8 21. Bxc5 Nd7 22. Be3 Rac8 23. Rac1 Bb3 24. Nge4 Ne5 25. Nd6 Nd3 26. Nxe8 Nxc1 27. Nxg7 Kxg7 28. Rxc1 b5 29. axb5 axb5 30. Nxb5 Rxc1+ 31. Bxc1 Bxd5 32. Be3 Bc6 33. Nc3 Ba8 34. b4 Kf7 35. b5 Ke6 36. b6 Kd7 37. Kf1 Kc6 38. h4 Bb7 39. g3 Ba6+ 40. Ke1 Kb7 41. Ne4 Kc6 42. Kd2 Bb7 43. Kc3 Kd5 44. Nf6+ Ke6 45. Nxh5 Bf3 46. Nf4+ Kf5 47. Kd4 Ba8 48. Nd5 Kg4 49. Nf6+ Kf5 50. Nxh7 Ke6 51. Ng5+ Kf5 52. Kc5 Bg2 53. h5 Kg4 54. h6 Kh5 55. h7 Kg6 56. h8=Q Bd5 57. Qh7+ Kf6 58. Qh6+ Kf5 59. Qh3+ Kg6 60. Bd4 Bg8 61. Qh7+ Bxh7 62. Nxh7 Kxh7 63. b7 Kg8 64. b8=Q+ Kf7 65. Qb6 Ke8 66. Qc7 Kf8 67. Kd6 Kg8 68. Qg7# 1-0

[Event "December 5 Early 2023"]
[Site "https://www.chess.com"]
[Date "2023.12.05"]
[Round "9"]
[White "Buksa, Nataliya"]
[Black "Dimitrijevic, Darko"]
[Result "1-0"]
[Board "103"]
[TimeControl "180+1"]
[WhiteFideId "14123622"]
[BlackFideId "14500892"]
[WhiteElo "2502"]
[BlackElo "2232"]
[WhiteTeam "UKR"]
[BlackTeam "CRO"]
[WhiteClock "0:00:41"]
[BlackClock "0:00:00"]

1. d4 Nf6 2. Nc3 b6 3. e4 d6 4. Bd3 e5 5. Nf3 Nbd7 6. dxe5 dxe5 7. O-O c6 8. Bc4 Be7 9. a4 O-O 10. Be3 Qc7 11. h3 Nc5 12. Bxc5 Bxc5 13. Qe2 Bb4 14. Na2 Be7 15. Nc1 Nh5 16. Nd3 Nf4 17. Nxf4 exf4 18. e5 g5 19. Qe4 Kg7 20. Bd3 Rh8 21. Nd4 Bd7 22. e6 Bxe6 23. Nxe6+ fxe6 24. Qxe6 Bf6 25. Rae1 Rhe8 26. Qxe8 Rxe8 27. Rxe8 Bxb2 28. Rfe1 Bf6 29. Bf5 Qf7 30. R1e2 b5 31. axb5 cxb5 32. Rc8 a5 33. Rd2 Be7 34. Bg4 a4 35. Rc7 h5 36. Rdd7 1-0

[Event "December 5 Early 2023"]
[Site "https://www.chess.com"]
[Date "2023.12.05"]
[Round "9"]
[White "Tharushi, T H D Niklesha"]
[Black "Sadubayev, Airat"]
[Result "0-1"]
[Board "104"]
[TimeControl "180+1"]
[WhiteFideId "9918264"]
[BlackFideId "13713264"]
[WhiteElo "2340"]
[BlackElo "2657"]
[WhiteTeam "SRI"]
[BlackTeam "KAZ"]
[WhiteClock "0:00:00"]
[BlackClock "0:00:09"]

1. e4 c5 2. Nf3 e6 3. d4 cxd4 4. Nxd4 Nc6 5. Nc3 Qc7 6. Be3 a6 7. Qd2 Nf6 8. f3 Be7 9. Be2 O-O 10. g4 b5 11. h4 Ne5 12. h5 Nc4 13. Bxc4 bxc4 14. g5 Ne8 15. Bf4 Qb6 16. Be3 Qxb2 17. Rb1 Qa3 18. Nf5 exf5 19. Nd5 Bd8 20. g6 Nf6 21. h6 fxg6 22. hxg7 Rf7 23. Nxf6+ Bxf6 24. Bd4 Qxa2 0-1

[Event "December 5 Early 2023"]
[Site "https://www.chess.com"]
[Date "2023.12.05"]
[Round "9"]
[White "Latorre, Vincent"]
[Black "Papasimakopoulos, Alexandros"]
[Result "0-1"]
[Board "105"]
[TimeControl "180+1"]
[WhiteFideId "2636891"]
[BlackFideId "4244125"]
[WhiteElo "2434"]
[BlackElo "2634"]
[WhiteTeam "CAN"]
[BlackTeam "GRE"]
[WhiteClock "0:00:01"]
[BlackClock "0:00:26"]

1. e4 e6 2. d4 d5 3. e5 c5 4. c3 Nc6 5. Nf3 Bd7 6. Bd3 cxd4 7. cxd4 Qb6 8. O-O Nxd4 9. Nxd4 Qxd4 10. Nc3 a6 11. Be3 Qh4 12. f4 Nh6 13. g3 Qd8 14. f5 Nxf5 15. Bxf5 exf5 16. Nxd5 Be6 17. Nf4 Qxd1 18. Rfxd1 Rc8 19. Nxe6 fxe6 20. Rac1 Rc6 21. Rxc6 bxc6 22. Rc1 Kd7 23. Rc4 Be7 24. Ra4 Ra8 25. b4 Kc7 26. Bc5 Bxc5+ 27. bxc5 a5 28. Rd4 Rb8 29. Rd6 Rb5 30. Rxe6 Rxc5 31. Re7+ Kb6 32. e6 g5 33. Rxh7 Re5 34. e7 g4 35. Rf7 c5 36. Rxf5 Rxe7 37. a4 c4 38. Rb5+ Kc6 39. Rf5 Re4 40. Kf2 c3 41. Rf8 Kc5 42. Rc8+ Kb4 43. Rc7 Kb3 44. h4 gxh3 45. g4 Rxg4 0-1

[Event "December 5 Early 2023"]
[Site "https://www.chess.com"]
[Date "2023.12.05"]
[Round "9"]
[White "Ovetchkin, Roman"]
[Black "Azar, Sebastien"]
[Result "1/2-1/2"]
[Board "106"]
[TimeControl "180+1"]
[WhiteFideId "4119991"]
[BlackFideId "2640198"]
[WhiteElo "2629"]
[BlackElo "2431"]
[WhiteTeam "RUS"]
[BlackTeam "CAN"]
[WhiteClock "0:00:16"]
[BlackClock "0:00:07"]

1. d4 d5 2. c4 c6 3. Nf3 Nf6 4. Qc2 dxc4 5. e4 b5 6. b3 cxb3 7. axb3 a5 8. Bd2 b4 9. Bd3 e6 10. O-O Bb7 11. Rc1 Nbd7 12. e5 Nd5 13. Bxh7 c5 14. Bg5 Be7 15. Bxe7 Qxe7 16. Be4 cxd4 17. Bxd5 Bxd5 18. Nbd2 g5 19. h3 Kf8 20. Qd3 Kg7 21. Qxd4 Rh6 22. Rc7 g4 23. Qxg4+ Rg6 24. Qf4 Rh8 25. h4 Rh5 26. Rxa5 Qd8 27. Raa7 Rf5 28. Qe3 Nxe5 29. Nxe5 Rxg2+ 30. Kf1 Rfxf2+ 31. Qxf2 Rxf2+ 32. Kxf2 Qxh4+ 33. Ke2 Qh2+ 34. Kd3 Qxe5 35. Rxf7+ Kg6 36. Rf1 Qd6 37. Ke2 Qe5+ 38. Kd1 Qc3 39. Rg1+ Kf6 40. Rf1+ Ke5 41. Re1+ Kd6 42. Ra6+ Kc7 43. Raxe6 Bxb3+ 44. Nxb3 Qxb3+ 45. Kd2 Qc3+ 46. Kd1 b3 47. Re7+ Kd6 48. R7e6+ Kd7 49. Re7+ Kd6 50. R7e6+ Kd5 51. R6e5+ Qxe5 52. Rxe5+ Kxe5 53. Kc1 Kd4 54. Kb2 Kc4 55. Kb1 Kc3 56. Kc1 Kc4 57. Kb2 Kb4 58. Kb1 Ka4 59. Kb2 Kb5 60. Kxb3 1/2-1/2